 Dungeon Crawl Stone Soup version 0.31.0-32-g396128a36d (webtiles) character file.

Game seed: 11680049012588354824

5 safid the Ruffian (level 1, 0/16 HPs)
             Began as a Draconian Shapeshifter on Mar 15, 2024.
             Frozen to death by an endoplasm (1 damage)
             ... on level 1 of the Dungeon.
             The game lasted 00:00:28 (72 turns).

safid the Ruffian (Draconian Shapeshifter)            Turns: 72, Time: 00:00:29

Health: 0/16       AC:  4    Str: 16    XL:     1   Next: 66%
Magic:  1/1        EV: 12    Int: 10    God:
Gold:   14         SH:  0    Dex: 10    Spells: 0/0 levels left

rFire   . .          .
                       - Unarmed
rCold   . . .        (no shield)
rNeg    . . .        (body armour unavailable)
rPois   .            (helmet currently unavailable)
rElec   .            (cloak currently unavailable)
rCorr   .            (gloves currently unavailable)
SInv    .            (boots currently unavailable)
Will    .....        (no amulet)
Stlth   +            (no ring)
HPRegen 0.22/turn    (no ring)
MPRegen 0.07/turn

%: no passive effects
@: beast-form, slowed, very slow
A: beast (slay +1), AC +4, unfitting armour, cold-blooded
a: Begin Untransformation


You were on level 1 of the Dungeon.
You were a hulking beast.
You visited 1 branch of the dungeon, and saw 1 of its levels.

You collected 14 gold pieces.

Inventory:

Talismans
 b - a beast talisman
 c - a flux talisman
Scrolls
 d - a scroll of amnesia {unknown}
 e - a scroll of poison {unknown}
Potions
 a - a potion of lignification


   Skills:
 + Level 1.1 Fighting
 + Level 1.7 Dodging
 + Level 3.2 Unarmed Combat
 * Level 3.1 Shapeshifting


You couldn't memorise any spells.
You didn't know any spells.
Your spell library was empty.

Dungeon Overview and Level Annotations

Branches:
Dungeon (1/15)

Altars:


Innate Abilities, Weirdness & Mutations

You are a hulking beast.
Your limbs bulge with bestial killing power. (Slay +1)
Your plain brown scales are hard. (AC +4)
You cannot fit into any form of body armour.
You are cold-blooded and may be slowed by cold attacks.


Message History

The quokka bites you. The endoplasm barely misses you.
The quokka bites you but does no damage.
The endoplasm misses you.
You are too injured to fight recklessly!
You are too injured to fight recklessly!
You are too injured to fight recklessly!
You hit the quokka.
The quokka is severely wounded.
The quokka misses you. The endoplasm freezes you.
You are frozen.
Unknown command.
You miss the quokka.
The quokka is severely wounded.
The quokka bites you but does no damage.
The endoplasm freezes you.
You are frozen.
You feel yourself slow down.
You hit the quokka.
You kill the quokka!
You feel yourself speed up. The endoplasm misses you.
You hit the endoplasm.
The endoplasm is lightly wounded.
The endoplasm freezes you.
You are frozen.
* * * LOW HITPOINT WARNING * * *
You feel yourself slow down.
You hit the endoplasm.
The endoplasm is heavily wounded.
The endoplasm completely misses you.
You hit the endoplasm.
The endoplasm is severely wounded.
The endoplasm hits you.
* * * LOW HITPOINT WARNING * * *
The endoplasm completely misses you.
You completely miss the endoplasm.
Your tail-slap misses the endoplasm.
The endoplasm is severely wounded.
The endoplasm freezes you.
You are frozen.
You die...

#.....≈§§.≈≈≈?
#.#....≈§..≈..#
#...[≈.§.§§..§.
####...≈≈≈.≈§§§≈≈≈
#.......≈...§§§.≈!
#######.##..≈§..≈...≈§§.
........##.≈§≈§§≈≈.≈§≈§≈
..#####.##†.≈...≈...§§..
.........#....≈.h.≈...≈.
..######.##..≈≈≈J≈≈≈.≈§≈
.## ## .....§§§..≈...≈.
####.. ####....≈.§.≈..#
..#... [....§≈≈§≈≈≈..
...... ####..§§§§.≈...
≈...... ##.........#
≈......# #.#.#.?##.#
≈≈.....#


You could see an endoplasm.

Vanquished Creatures
  2 ball pythons (D:1)
  A bat (D:1)
  A quokka (D:1)
  A kobold (D:1)
5 creatures vanquished.

Notes
Turn   | Place    | Note
-------+----------+-------------------------------------------
     0 | D:1      | safid the Draconian Shapeshifter began the quest for the
                  | Orb.
     0 | D:1      | Reached XP level 1. HP: 16/16 MP: 1/1
    72 | D:1      | Frozen to death by an endoplasm

Illustrated notes

Levels and vault maps discovered:
D:1:      onia_arrival_pentagram, layout_loops_ring,
          hellmonk_ecumenical_altar_heavens_door, kennysheep_doodads

Action                     || total
---------------------------++-------
  Melee: Unarmed           ||    19
         Tailslap          ||     1
 Armour: Skin              ||    11
  Dodge: Dodged            ||    15
